 Dungeon Crawl Stone Soup version 0.30-a0-972-gf3ab3527aa (webtiles) character file.

Game seed: 10981503043939862316

55 Mickster the Chopper (level 3, -4/36 HPs)
             Began as a Troll Berserker on Mar 31, 2023.
             Was a Believer of Trog.
             Slain by an iguana (11 damage)
             ... on level 2 of the Dungeon.
             The game lasted 00:09:41 (676 turns).

Mickster the Chopper (Troll Berserker)               Turns: 676, Time: 00:09:42

Health: -4/36      AC:  4    Str: 27    XL:     3   Next: 67%
Magic:  2/2        EV: 10    Int:  3    God:    Trog [**....]
Gold:   20         SH:  0    Dex:  9    Spells: 2/2 levels left

rFire   . . .      SeeInvis .    a - +0 hand axe
rCold   . . .      Faith    .    (no shield)
rNeg    . . .      Spirit   .    b - +0 animal skin
rPois   .          Reflect  .    (helmet restricted)
rElec   .          Rampage  .    (no cloak)
rCorr   .                        (gloves unavailable)
Will    .....                    (boots unavailable)
Stlth   +                        (no amulet)
HPRegen 1.06/turn                (no ring)
MPRegen 0.08/turn                (no ring)

@: no status effects
A: large, unfitting armour, claws 3, regeneration 1, shaggy fur 1, tough skin 1
a: Renounce Religion, Berserk, Trog's Hand


You were on level 2 of the Dungeon.
You worshipped Trog.
Trog was pleased with you.
You visited 1 branch of the dungeon, and saw 2 of its levels.

You collected 20 gold pieces.

Inventory:

Hand Weapons
 a - a +0 hand axe (weapon)
 h - a +0 sling
Missiles
 c - 14 stones (quivered)
Armour
 b - a +0 animal skin (worn)
Potions
 e - a potion of heal wounds {unknown}
 f - a potion of degeneration {unknown}


   Skills:
 + Level 2.7 Fighting
 * Level 3.3 Axes
 * Level 0.5 Armour
 + Level 2.7 Dodging


You had 2 spell levels left.
You didn't know any spells.
Your spell library was empty.

Dungeon Overview and Level Annotations

Branches:
Dungeon (2/15)

Altars:


Innate Abilities, Weirdness & Mutations

You are too large for most types of armour.
You have claws for hands.
Your natural rate of healing is unusually fast.
You are covered in fur. (AC +1)
You have tough skin. (AC +1)


Message History

You kill the goblin!
Trog accepts your kill.
Things that are here:
a +0 dagger; a goblin corpse
Found a hand axe.
Found an escape hatch in the floor.
Found 8 gold pieces.
An iguana comes into view.
The iguana hisses angrily.
The iguana barely misses you.
You hit the iguana.
The iguana is lightly wounded.
The iguana completely misses you.
You hit the iguana.
The iguana is moderately wounded.
The iguana completely misses you.
You slash the iguana!
The iguana is severely wounded.
The iguana barely misses you.
You hit the iguana.
The iguana is almost dead.
The iguana bites you!
You completely miss the iguana.
The iguana is almost dead.
The iguana bites you! The iguana bites you.
* * * LOW HITPOINT WARNING * * *
You hit the iguana but do no damage.
The iguana is almost dead.
The iguana closely misses you.
You hit the iguana.
The iguana is almost dead.
The iguana bites you but does no damage.
Unknown command.
You closely miss the iguana.
The iguana is almost dead.
The iguana bites you.
* * * LOW HITPOINT WARNING * * *
You closely miss the iguana.
The iguana is almost dead.
The iguana bites you!
You die...

...##.##### ..........#
....##.##.###
.......#....############
.................#.....#
...................$....
..................>.....
....>...................
................@l......
........................
......#.................
...##.##................
..###..#..#.............
)## ##.#..##.....#)....#
.# .......###########
......##..#### ...####


You could see an iguana.

Vanquished Creatures
  Robin (D:2)
  A dart slug (D:1)
  A giant cockroach (D:2)
  10 goblins
  8 hobgoblins
  4 jackals (D:2)
  2 kobolds (D:1)
  3 ball pythons
  3 bats
  A frilled lizard (D:2)
  3 rats
37 creatures vanquished.

Notes
Turn   | Place    | Note
-------+----------+-------------------------------------------
     0 | D:1      | Mickster the Troll Berserker began the quest for the Orb.
     0 | D:1      | Reached XP level 1. HP: 22/22 MP: 0/0
   127 | D:1      | Reached XP level 2. HP: 29/29 MP: 1/1
   387 | D:2      | Noticed Robin
   402 | D:2      | Killed Robin
   403 | D:2      | Reached skill level 3 in Axes
   403 | D:2      | Reached XP level 3. HP: 35/36 MP: 2/2
   440 | D:2      | Reached ** piety under Trog
   676 | D:2      | Slain by an iguana

Illustrated notes

Levels and vault maps discovered:
D:1:      lightli_arrival_windingriver, layout_loops_cross
D:2:      layout_rooms, kennysheep_small_spiral, uniq_robin

Skill      XL: |  1  2 |
---------------+-------+-----
Axes           | 3 |  3.3
Fighting       | |  2.7
Armour         | |  0.5
Dodging        | |  2.7

Action                     || total
---------------------------++-------
  Melee: Hand axe          ||    82
         Punch             ||     1
 Invoke: Berserk           ||     1
    Use: Scroll            ||     3
 Armour: Animal skin       ||    36
  Dodge: Dodged            ||    63

Table legend: (Time is in decaauts)
 A = Elapsed time spent in this place.
 B = Non-inter-level travel time spent in this place.
 C = Inter-level travel time spent in this place.
 D = Time resting spent in this place.
 E = Time spent auto-exploring this place.
 F = Levels seen in this place.
 G = Mean time per level.
                   A        B        C        D        E       F      G
               +--------+--------+--------+--------+--------+-----+--------+
         Total |    698 |    686 |     12 |      0 |      0 |   2 |  349.0 |
       Dungeon |    698 |    686 |     12 |      0 |      0 |   2 |  349.0 |
               +--------+--------+--------+--------+--------+-----+--------+

Top non-repeatable levels by time:
     D:1: 377 daAuts
     D:2: 321 daAuts
